 Dungeon Crawl Stone Soup version 0.21.1-1-g345015fe64 (webtiles) character file.

91 Lentor the Skirmisher (level 4, -4/42 HPs)
             Began as a Minotaur Berserker on June 20, 2018.
             Was a Believer of Trog.
             Slain by an ice beast (5 damage)
             ... on level 3 of the Dungeon.
             The game lasted 00:03:02 (1623 turns).

Lentor the Skirmisher (Minotaur Berserker)          Turns: 1623, Time: 00:03:03

Health: -4/42      AC:  8    Str: 22    XL:     4   Next: 33%
Magic:  3/3        EV:  8    Int:  4    God:    Trog [**....]
Gold:   144        SH:  0    Dex: 10    Spells: 3/3 levels left

rFire    + . .     SeeInvis .   a - +0 falchion
rCold    . . .     Gourm    .   (no shield)
rNeg     . . .     Faith    .   f - +0 chain mail
rPois    .         Spirit   .   (helmet restricted)
rElec    .         Reflect  .   (no cloak)
rCorr    .         Harm     .   (no gloves)
MR       .....                  (no boots)
Stlth    ..........             (no amulet)
HPRegen  0.14/turn              b - ring of protection from fire
MPRegen  0.08/turn              j - ring of loudness (curse)

@: no status effects
A: retaliatory headbutt, horns 2
a: Berserk, Trog's Hand, Burn Spellbooks, Renounce Religion


You were on level 3 of the Dungeon.
You worshipped Trog.
Trog was pleased with you.
You were not hungry.

You visited 1 branch of the dungeon, and saw 3 of its levels.

You collected 144 gold pieces.

Inventory:

Hand Weapons
 a - a +0 falchion (weapon)
Armour
 f - a +0 chain mail (worn)
Jewellery
 b - a ring of protection from fire (left hand)
 j - a cursed ring of loudness (right hand)
Potions
 d - a potion of ambrosia
 e - 3 potions of brilliance
 g - a potion of cancellation
 h - a potion of heal wounds
 i - a potion of lignification {unknown}
 m - a potion of invisibility {unknown}
Comestibles
 c - 4 rations


   Skills:
 + Level 5.0 Fighting
 + Level 4.9 Long Blades
 + Level 2.7 Armour
 + Level 2.5 Dodging


You had 3 spell levels left.
You didn't know any spells.

Dungeon Overview and Level Annotations

Branches:
Dungeon (3/15)

Altars:
Hepliaklqana


Innate Abilities, Weirdness & Mutations

You reflexively headbutt those who attack you in melee.
You have a pair of horns on your head.


Message History

* * * LOW HITPOINT WARNING * * *
The ice beast hits you but does no damage.
Your chain mail prevents you from hitting the ice beast.
The ice beast is moderately wounded.
The ice beast barely misses you.
You hit the ice beast.
The ice beast is heavily wounded.
The ice beast hits you but does no damage.
You hit the ice beast.
The ice beast is heavily wounded.
The ice beast barely misses you.
You hit the ice beast.
The ice beast is severely wounded.
The ice beast hits you but does no damage.
You hit the ice beast.
The ice beast is severely wounded.
The ice beast hits you.
* * * LOW HITPOINT WARNING * * *
The ice beast freezes you.
You die...

#........##.#
#.....>..##.#
######'####.#
#.# #.#
#.####.#
#......#
#####..######
#.......#
#@#####.#
......†.Y.#
..........#
..........#
..........+
..........#
..........#
..........#


You could see an ice beast.

Vanquished Creatures
  3 adders
  An ooze (D:3)
  2 dart slugs (D:1)
  4 leopard geckos
  7 bats
  6 goblins
  7 hobgoblins
  3 jackals (D:2)
  A quokka (D:2)
  4 frilled lizards
  4 kobolds (D:1)
  9 rats
51 creatures vanquished.

Notes
Turn   | Place    | Note
-------+----------+-------------------------------------------
     0 | D:1      | Lentor the Minotaur Berserker began the quest for the Orb.
     0 | D:1      | Reached XP level 1. HP: 19/19 MP: 0/0
   157 | D:1      | Reached skill level 4 in Fighting
   157 | D:1      | Reached XP level 2. HP: 22/27 MP: 1/1
   466 | D:1      | Reached ** piety under Trog
   529 | D:1      | Reached XP level 3. HP: 32/34 MP: 2/2
   828 | D:2      | Found a hazy altar of Hepliaklqana.
  1383 | D:2      | Reached XP level 4. HP: 41/41 MP: 3/3
  1453 | D:3      | Reached skill level 5 in Fighting
  1612 | D:3      | Noticed an ice beast
  1623 | D:3      | HP: 1/42 [ice beast (4)]
  1623 | D:3      | Slain by an ice beast

Skill      XL: |  1  2  3  4 |
---------------+-------------+-----
Fighting       | 4 5 |  5.0
Long Blades    | 4 |  4.9
Armour         | |  2.7
Dodging        | |  2.5

Action                   |  1- 3 |  4- 6 || total
-------------------------+-------+-------++-------
Melee: Falchion          |    80 |    17 ||    97
       Headbutt          |    15 |     2 ||    17
  Use: Scroll            |     2 |     4 ||     6
  Eat: Chunk             |     2 |       ||     2
Armor: Leather armour    |     9 |       ||     9
       Ring mail         |     8 |       ||     8
       Chain mail        |    22 |     4 ||    26
Dodge: Dodged            |    43 |     7 ||    50
       Rpst.: Falchion   |    17 |     2 ||    19
